AoeStats
← Doongus

Arabia

505315842Analyzed
2v2 RM · 25d ago on Sep 8, 2026· 135m 13s· 4 players
Game mode
Random Map
Map size
Medium (4 player)
Population
200
Speed
Normal
Resources
Standard
Victory
Conquest
Starting age
Dark Age
Ending age
Imperial Age
RankedLock teamsTeams togetherTeam positionsShared explorationLock speedFull tech treeHidden civsTurbo modeCheats
Victory
Defeat
🇪🇸 Khitans · Spain
669
+17
🇪🇸 Khmer · Spain
653
+18
🇺🇸 Britons · United States
825
-59
🇺🇸 Berbers · United States
575
-13
Panchito_Monroy
12:24 Feudal Age
12:55 Horse Collar
15:28 Double-Bit Axe
20:10 Loom
22:26 Castle Age
21:52 Gold Mining
22:21 Stone Mining
25:54 Bloodlines
26:32 Wheelbarrow
25:42 Town Watch
26:14 Bow Saw
29:05 Forging
29:46 Heavy Plow
31:25 Husbandry
30:46 Light Cavalry
31:32 Scale Barding Armor
35:45 Iron Casting
39:05 Pikeman
39:45 Squires
39:31 Arson
42:51 Chain Barding Armor
45:05 Imperial Age
42:51 Hand Cart
47:17 Town Patrol
47:39 Cavalier
48:55 Plate Barding Armor
49:21 Blast Furnace
52:41 Gold Shaft Mining
52:42 Stone Shaft Mining
52:47 Crop Rotation
60:52 Hoardings
62:34 Heavy Scorpion
80:01 Murder Holes
79:48 Treadmill Crane
80:19 Masonry
81:55 Hussar
89:21 Fletching
89:31 Padded Archer Armor
89:25 Heavy Camel Rider
93:19 Leather Archer Armor
92:59 Bodkin Arrow
94:34 Thumb Ring
96:42 Elite Skirmisher
98:23 Ballistics
98:13 Siege Engineers
Doongus
7:31 Loom
11:06 Feudal Age
12:54 Wheelbarrow
12:01 Horse Collar
12:09 Double-Bit Axe
14:20 Town Watch
19:47 Gold Mining
20:43 Forging
20:24 Fletching
22:47 Padded Archer Armor
25:37 Castle Age
29:13 Bodkin Arrow
28:42 Crossbowman
30:35 Hand Cart
30:25 Husbandry
31:45 Stone Mining
32:30 Gold Shaft Mining
32:07 Bow Saw
32:00 Heavy Plow
32:31 Fervor
31:57 Pikeman
32:38 Squires
34:04 Ballistics
36:12 Husbandry
38:55 Sanctity
41:29 Town Patrol
48:48 Imperial Age
46:40 Devotion
50:44 Two-Man Saw
50:37 Town Patrol
50:35 Light Cavalry
51:55 Cavalier
53:04 Yeomen
53:40 Elite Longbowman
56:39 Chemistry
55:39 Murder Holes
55:37 Guard Tower
55:33 Arrowslits
56:01 Masonry
55:43 Arson
58:09 Siege Engineers
60:02 Hoardings
59:40 Halberdier
64:22 Keep
64:19 Architecture
73:35 Fortified Wall
73:08 Treadmill Crane
74:38 Cavalier
77:21 Caravan
77:36 Guilds
80:24 Faith
84:30 Block Printing
90:33 Warwolf
93:05 Hoardings
111:26 Bracer
112:16 Iron Casting
121:39 Blast Furnace
120:46 Scale Barding Armor
120:46 Padded Archer Armor
JaviCst
10:50 Feudal Age
11:17 Double-Bit Axe
13:07 Domestication
20:10 Loom
20:19 Gold Mining
21:21 Wheelbarrow
22:12 Forging
22:24 Stone Mining
27:01 Castle Age
27:10 Elite Skirmisher
27:25 Pikeman
28:06 Squires
27:30 Light Cavalry
29:30 Hand Cart
29:21 Town Watch
31:52 Husbandry
33:54 Stone Shaft Mining
35:34 Town Patrol
44:26 Bow Saw
46:48 Imperial Age
45:46 Caravan
50:00 Two-Man Saw
49:24 Conscription
48:25 Elite Liao Dao
49:13 Scale Mail Armor
49:24 Lamellar Armor
50:02 Pastoralism
50:00 Murder Holes
50:24 Chain Mail Armor
51:06 Coinage
52:47 Ordo Cavalry
53:16 Plate Mail Armor
52:49 Heated Shot
53:20 Ballistics
53:07 Padded Archer Armor
55:03 Iron Casting
56:41 Fortified Wall
57:32 Chemistry
56:54 Leather Archer Armor
56:51 Arson
61:06 Banking
62:36 Heavy Rocket Cart
62:41 Capped Ram
65:31 Ring Archer Armor
65:17 Masonry
65:23 Siege Ram
71:43 Fletching
72:01 Scale Barding Armor
72:06 Siege Engineers
74:07 Heavy Rocket Cart
77:12 Chain Barding Armor
86:37 Guilds
94:24 Transhumance
98:28 Elite Steppe Lancer
102:16 Fletching
102:55 Bodkin Arrow
106:42 Plate Barding Armor
albertocastalla
12:32 Feudal Age
14:28 Double-Bit Axe
14:35 Horse Collar
15:02 Gold Mining
26:06 Castle Age
24:43 Stone Mining
34:44 Bow Saw
39:33 Heavy Plow
40:17 Gold Shaft Mining
40:17 Stone Shaft Mining
42:42 Husbandry
49:32 Caravan
50:42 Loom
51:32 Wheelbarrow
50:42 Town Watch
55:00 Pikeman
55:26 Arson
61:50 Imperial Age
61:47 Bloodlines
62:37 Cavalier
63:58 Conscription
67:13 Forging
67:03 Scale Mail Armor
67:09 Scale Barding Armor
67:08 Halberdier
69:28 Chemistry
69:37 Crop Rotation
77:18 Iron Casting
76:58 Chain Mail Armor
82:46 Conscription
85:55 Coinage
89:13 Chain Barding Armor
89:09 Chain Mail Armor
89:54 Blast Furnace
92:15 Hand Cart
92:01 Town Patrol
99:13 Banking
107:24 Plate Barding Armor
112:53 Light Cavalry
114:05 Hussar
114:22 Capped Ram
116:25 Siege Ram
Connection lost

Rejoining the realm…

Still unreachable

The connection could not be restored.

Session expired

The server has moved on; the page needs a fresh start.